Map: 얼어붙은 사원

Players

llllllllllll (Scarlett)

  • Race: Zerg Zerg
  • League: Grandmaster

llllllllllll - Winner!

  • Race: Zerg Zerg
  • League: Grandmaster

VOD

Have the link to the VOD?

Description

Time

  • Played on: April 13, 2016, 2:59 a.m.
  • Length: 6:29
Show
View Real Time Build Order
Export as new Build Order

llllllllllll Zerg 

Build Orders: Pool First 

Get SALT Encoding   

  12  0:00  Drone  
  13  0:09  Drone  
  14  0:18  Overlord  
  14  0:24  Extractor  
  14  0:25  Drone  
  15  0:36  Drone x2  
  17  0:44  Spawning Pool  
  16  0:51  Drone  
  16  0:55  Extractor  
  16  0:57  Drone  
  17  1:09  Drone  
  18  1:19  Hatchery  
  17  1:26  Drone  
  17  1:29  Drone  
  19  1:33  Queen  
  19  1:39  Zergling x2  
  22  1:47  Overlord  
  22  1:54  Metabolic Boost  
  22  2:09  Queen, Drone  
  25  2:16  Evolution Chamber  
  25  2:18  Drone  
  25  2:20  Drone  
  26  2:35  Queen  
  28  2:40  Zergling x4  
  28  2:42  Zerg Melee Weapons Level 1  
  30  2:46  Overlord  
  30  2:49  Zergling x2  
  31  2:55  Zergling x2  
  31  2:56  Zergling x2  
  33  3:00  Overlord  
  33  3:03  Drone  
  34  3:10  Drone x2  
  36  3:18  Spine Crawler  
  35  3:20  Drone x2  
  35  3:23  Drone  
  34  3:35  Lair  
  34  3:36  Drone x2  
  36  3:41  Zergling x4  
  38  3:48  Baneling Nest  
  38  3:54  Drone  
  38  3:55  Drone x3  
  41  3:58  Zergling x2  
  41  4:00  Zergling x2  
  43  4:08  Extractor  
  42  4:11  Drone x4  
  42  4:12  Drone  
  47  4:19  Overlord  
  46  4:35  Baneling x2  
  46  4:37  Zergling x4  
  41  4:43  Zergling x2  
  41  4:44  Zergling x4  
  44  4:45  Zergling x2  
  45  5:00  Drone  
  45  5:01  Drone x2  
  45  5:03  Extractor  
  45  5:04  Extractor  
  46  5:07  Drone  
  46  5:08  Drone x3  
  46  5:11  Queen  
  52  5:17  Overseer  
  52  5:20  Zergling x2  
  52  5:21  Zergling x4  
  55  5:29  Zergling x2  
  55  5:32  Spine Crawler x2  
  55  5:34  Spine Crawler, Zergling x2  
  53  5:38  Spire  
  52  5:46  Zergling x2  
  52  5:47  Zergling x6  
  56  5:53  Spine Crawler  
  56  5:55  Spine Crawler  
  56  5:56  Spine Crawler  
  53  5:58  Baneling x2  
  53  5:59  Baneling  
  52  6:10  Zergling x2  
  52  6:11  Zergling x2  
Show
View Real Time Build Order
Export as new Build Order

llllllllllll Zerg - Winner!

Build Orders: Hatch First 

Get SALT Encoding   

  12  0:01  Drone  
  13  0:13  Overlord  
  13  0:17  Drone  
  14  0:32  Drone x2  
  14  0:35  Drone  
  17  0:53  Hatchery  
  17  0:55  Drone  
  17  0:59  Drone  
  18  1:05  Extractor  
  17  1:14  Spawning Pool  
  17  1:16  Drone  
  17  1:19  Drone  
  18  1:30  Drone  
  19  1:39  Overlord  
  19  1:59  Drone  
  19  2:00  Queen  
  23  2:01  Zergling x2  
  23  2:05  Queen, Metabolic Boost  
  23  2:06  Drone  
  26  2:12  Zergling x2  
  27  2:16  Drone  
  27  2:22  Spine Crawler  
  27  2:25  Baneling Nest  
  27  2:26  Drone  
  27  2:28  Drone  
  29  2:36  Overlord  
  29  2:38  Overlord  
  29  2:45  Drone  
  29  2:49  Drone  
  31  2:57  Drone  
  32  2:59  Drone  
  33  3:10  Baneling x3  
  33  3:11  Baneling  
  33  3:12  Zergling x4  
  35  3:13  Zergling x10  
  35  3:14  Zergling x2  
  41  3:20  Overlord  
  41  3:23  Zergling x2  
  42  3:31  Drone  
  42  3:33  Drone  
  42  3:40  Drone  
  43  3:44  Drone x5  
  43  3:45  Drone  
  49  3:56  Hatchery  
  49  3:59  Zergling x2  
  49  4:01  Extractor  
  49  4:02  Zergling x2  
  49  4:06  Overlord  
  49  4:08  Drone  
  50  4:13  Drone x2  
  52  4:19  Roach Warren  
  52  4:20  Drone  
  52  4:22  Overlord  
  52  4:27  Overlord  
  52  4:29  Drone  
  53  4:32  Drone  
  48  4:39  Zergling x2  
  48  4:41  Overlord  
  47  4:55  Queen  
  49  5:00  Roach  
  49  5:01  Roach x7  
  49  5:03  Roach  
  67  5:08  Roach  
  67  5:09  Roach  
  67  5:10  Roach  
  71  5:15  Zergling x2  
  71  5:20  Zergling x2  
  71  5:21  Zergling x2  
  73  5:22  Baneling  
  73  5:23  Baneling x4  
  73  5:26  Zergling x2  
  73  5:27  Zergling x8  
  78  5:30  Zergling x2  
  78  5:32  Zergling x4  
  78  5:33  Zergling x2  
  82  5:38  Baneling x2  
  82  5:40  Overlord  
  82  5:42  Baneling x2  
  82  5:43  Zergling x2  
  82  5:44  Zergling x2  
  82  5:49  Overlord  
  84  5:52  Zergling x2  
  84  5:54  Overlord  
  85  5:57  Baneling  
  85  5:58  Baneling x3  
  85  5:59  Zergling x2  
  85  6:00  Zergling x2  
  86  6:07  Overlord  
  86  6:09  Baneling  
Tags
 
Add a new tag
Caveats
  • Supply blocks, unpowered buildings, or Contaminate may cause inaccurate times.
  • Supply counts are checked every 10 seconds.